AoeStats
← demultiplexor

Arena

508489346Analyzed
3v3 RM · 10d ago on Sep 22, 2026· 57m 11s· 6 players
Game mode
Random Map
Map size
Normal (6 player)
Population
200
Speed
Normal
Resources
Standard
Victory
Conquest
Starting age
Dark Age
Ending age
Imperial Age
RankedLock teamsTeams togetherTeam positionsShared explorationLock speedFull tech treeHidden civsTurbo modeCheats
Victory
Defeat
🇨🇿 Khmer · Czechia
816
+15
🇨🇿 Romans · Czechia
814
+15
🇨🇿 Bohemians · Czechia
807
+16
🇧🇪 Spanish · Belgium
822
-16
🇧🇪 Bengalis · Belgium
795
-15
🇧🇪 Franks · Belgium
780
-15
ElBigomasterofStrategy
13:25 Feudal Age
14:09 Horse Collar
14:21 Double-Bit Axe
16:58 Castle Age
18:12 Bow Saw
20:00 Heavy Plow
22:42 Fletching
55:46 Light Cavalry
Dark Julius
14:25 Feudal Age
15:55 Loom
18:58 Castle Age
16:46 Double-Bit Axe
16:45 Horse Collar
17:44 Gold Mining
17:49 Stone Mining
17:56 Gold Mining
21:20 Bow Saw
26:16 Heavy Plow
27:40 Wheelbarrow
27:27 Murder Holes
27:54 Ballistics
29:07 Hand Cart
32:23 Imperial Age
30:53 Gold Shaft Mining
31:22 Husbandry
31:33 Bloodlines
31:41 Scale Barding Armor
31:47 Forging
31:28 Fletching
31:39 Padded Archer Armor
31:54 Light Cavalry
32:49 Caravan
33:14 Pikeman
33:54 Squires
33:40 Gambesons
34:20 Conscription
33:22 Elite Ratha (Ranged)
35:13 Crop Rotation
35:48 Two-Man Saw
35:05 Paiks
36:36 Chemistry
35:51 Masonry
38:30 Halberdier
40:45 Iron Casting
40:05 Bodkin Arrow
40:12 Scale Mail Armor
41:16 Chain Barding Armor
41:11 Leather Archer Armor
42:29 Blast Furnace
42:42 Elite Battle Elephant
44:56 Bracer
45:33 Plate Barding Armor
51:38 Chain Mail Armor
51:54 Ring Archer Armor
Vinchenzinho
3:58 Loom
10:41 Feudal Age
14:39 Wheelbarrow
14:42 Double-Bit Axe
18:12 Castle Age
17:32 Forging
20:03 Bow Saw
20:32 Stone Mining
21:29 Gold Mining
21:39 Fletching
25:19 Man-at-Arms
28:12 Bodkin Arrow
28:18 Padded Archer Armor
28:26 Scale Barding Armor
30:46 Hand Cart
31:24 Town Watch
32:09 Crossbowman
37:21 Imperial Age
35:33 Town Patrol
37:33 Iron Casting
36:59 Scale Mail Armor
37:38 Gold Shaft Mining
37:51 Capped Ram
40:51 Ballistics
40:27 Murder Holes
40:43 Fortified Wall
40:19 Arrowslits
41:35 Chemistry
40:16 Treadmill Crane
40:47 Masonry
40:42 Siege Engineers
41:33 Cavalier
47:21 Cranequins
47:36 Paladin
50:05 Architecture
54:45 Conscription
TomasJ
8:25 Loom
10:13 Feudal Age
11:10 Double-Bit Axe
11:07 Horse Collar
14:42 Loom
18:15 Castle Age
16:24 Town Watch
19:50 Man-at-Arms
24:48 Long Swordsman
25:39 Scale Mail Armor
25:49 Forging
38:23 Imperial Age
36:18 Pikeman
36:58 Squires
37:54 Iron Casting
37:35 Chain Mail Armor
38:49 Legionary
40:39 Blast Furnace
44:13 Capped Ram
48:08 Wheelbarrow
48:55 Conscription
49:58 Halberdier
52:59 Siege Ram
54:50 Comitatenses
lukasus
11:44 Feudal Age
11:03 Loom
12:17 Horse Collar
12:24 Double-Bit Axe
15:11 Bloodlines
16:46 Wheelbarrow
21:37 Castle Age
20:45 Stone Mining
21:30 Scale Barding Armor
21:48 Forging
22:13 Fletching
23:06 Town Watch
23:37 Hand Cart
24:05 Husbandry
23:44 Light Cavalry
24:45 Gold Mining
28:38 Chain Barding Armor
28:54 Iron Casting
31:25 Gold Shaft Mining
31:29 Stone Shaft Mining
31:48 Tusk Swords
32:58 Bow Saw
32:51 Heavy Plow
35:23 Elite Skirmisher
36:05 Bodkin Arrow
36:11 Padded Archer Armor
37:08 Town Patrol
39:03 Scale Mail Armor
39:28 Leather Archer Armor
40:59 Pikeman
42:36 Scale Mail Armor
45:24 Imperial Age
46:26 Conscription
46:52 Hoardings
45:48 Elite Battle Elephant
46:18 Halberdier
48:43 Plate Barding Armor
49:10 Blast Furnace
48:11 Bracer
48:59 Coinage
49:56 Chemistry
48:54 Murder Holes
49:11 Masonry
49:25 Ballistics
49:12 Siege Engineers
50:42 Ring Archer Armor
50:30 Fortified Wall
51:00 Crop Rotation
54:26 Hussar
demultiplexor
5:12 Loom
12:15 Feudal Age
12:48 Double-Bit Axe
12:45 Horse Collar
13:49 Wheelbarrow
19:16 Castle Age
21:22 Pikeman
27:45 Squires
32:11 Heavy Plow
32:33 Bow Saw
35:55 Imperial Age
36:13 Wagenburg Tactics
37:41 Chemistry
38:35 Scale Mail Armor
39:10 Conscription
38:46 Arson
38:38 Halberdier
41:53 Chain Mail Armor
41:49 Forging
44:15 Ballistics
43:51 Murder Holes
46:47 Plate Mail Armor
47:15 Iron Casting
48:38 Elite Hussite Wagon
49:33 Padded Archer Armor
49:24 Fletching
52:40 Blast Furnace
51:35 Bodkin Arrow
53:13 Leather Archer Armor
Connection lost

Rejoining the realm…

Still unreachable

The connection could not be restored.

Session expired

The server has moved on; the page needs a fresh start.